 Dungeon Crawl Stone Soup version 0.27.1-2-g3b301248ec (webtiles) character file.

Game seed: 5060419146294995155

907 barney the Changer (level 7, -2/52 HPs)
             Began as a White Draconian Transmuter on Sept 27, 2021.
             Was a Follower of Cheibriados.
             Slain by an ice beast (6 damage)
             ... on level 5 of the Dungeon.
             The game lasted 00:10:00 (5500 turns).

barney the Changer (White Draconian Transmuter)     Turns: 5500, Time: 00:10:01

Health: -2/52      AC:  7    Str: 12 (15) XL:     7   Next: 81%
Magic:  8/10       EV: 12    Int: 16 (19) God:    Cheibriados [*.....]
Gold:   174        SH:  0    Dex: 17 (20) Spells: 0/10 levels left

rFire    + . .     SeeInvis .   d - +1 short sword
rCold    + . .     Faith    .   (no shield)
rNeg     . . .     Spirit   .   (armour unavailable)
rPois    .         Reflect  .   m - +0 hat
rElec    .         Harm     .   (no cloak)
rCorr    .         Rampage  .   (no gloves)
Will     .....                  e - +0 pair of boots
Stlth    ++........             g - amulet of magic regeneration
HPRegen  0.17/turn              b - +6 ring of dexterity
MPRegen  0.37/turn              l - ring of protection from fire

@: mighty, brilliant, short of breath, attractive, very slow
A: breathe frost, AC +6, unfitting armour, cold resistance 1, cold-blooded
a: Breathe Frost, Renounce Religion, Bend Time


You were on level 5 of the Dungeon.
You worshipped Cheibriados.
Cheibriados was aware of your devotion.
You visited 2 branches of the dungeon, and saw 6 of its levels.

You collected 174 gold pieces.

Inventory:

Hand Weapons
 d - a +1 short sword (weapon)
 k - a +0 short sword
Armour
 e - a +0 pair of boots (worn)
 m - a +0 hat (worn)
Magical Staves
 v - a staff of fire
Jewellery
 b - a +6 ring of dexterity (left hand)
 g - an amulet of magic regeneration (around neck)
 l - a ring of protection from fire (right hand)
 p - a +4 ring of evasion
Wands
 q - a wand of flame (18)
Scrolls
 f - a scroll of identify
 h - 3 scrolls of teleportation
 j - a scroll of brand weapon {unknown}
 r - a scroll of enchant weapon
 u - a scroll of enchant armour {unknown}
Potions
 i - a potion of brilliance
 n - 3 potions of degeneration
 s - a potion of heal wounds {unknown}
 t - a potion of resistance {unknown}


   Skills:
 - Level 1.1 Fighting
 - Level 1.7 Dodging
 + Level 5.7 Unarmed Combat
 - Level 2.0 Spellcasting
 + Level 0.7 Summonings
 * Level 7.3 Transmutations
 + Level 1.0 Ice Magic
 + Level 1.0 Invocations
 + Level 0.7 Evocations


You couldn't memorise any spells.
You knew the following spells:

 Your Spells              Type           Power      Damage    Failure   Level
a - Beastly Appendage     Tmut           74%        N/A       1%          1
b - Spider Form           Tmut/Pois      10%        N/A       14%         3
c - Ice Form              Ice/Tmut       22%        N/A       36%         4
d - Call Imp              Summ           6%         N/A       22%         2

Your spell library contained the following spells:

 Spells                   Type           Power      Damage    Failure   Level
 Wereblood                Tmut           37%        N/A       1%          2
 Magic Dart               Conj           8%         1d3       21%         1
 Pain                     Necr           8%         1d4       21%         1
 Mephitic Cloud           Conj/Pois/Air  2%         N/A       52%         3
 Summon Ice Beast         Ice/Summ       6%         N/A       82%         4
 Agony                    Necr           2%         N/A       99%         5
 Excruciating Wounds      Necr           1%         N/A       99%         5
 Summon Mana Viper        Hex/Summ       4%         N/A       99%         5
 Monstrous Menagerie      Summ           3%         N/A       100%        7


Dungeon Overview and Level Annotations

Branches:
Dungeon (5/15)             Temple (1/1) D:4

Altars:
Ashenzari
Cheibriados
Dithmenos
Elyvilon
Fedhas
Gozag
Hepliaklqana
Kikubaaqudgha
Makhleb
Nemelex Xobeh
Okawaru
Qazlal
Ru
Sif Muna
Trog
Uskayaw
Vehumet
Wu Jian
Xom
Yredelemnul
Zin
The Shining One

Shops:
D:1 =

Annotations:
D:3 3 runed translucent doors, BuzzyBeetle's ghost, amateur DgIE
D:5 Edmund


Innate Abilities, Weirdness & Mutations

You can breathe waves of freezing cold which knock back foes.
Your icy white scales are hard. (AC +6)
You cannot fit into any form of body armour.
Your flesh is cold resistant. (rC+)
You are cold-blooded and may be slowed by cold attacks.


Message History

Your +0 hat melds into your body.
Your +0 pair of boots melds into your body.
The ice beast hits you. The ice beast freezes you!
You barely miss the ice beast. The ice beast misses you.
You hit the ice beast.
The ice beast is lightly wounded.
Your transformation is almost over.
The ice beast misses you.
You hit the ice beast.
The ice beast is poisoned.
The ice beast is lightly wounded.
You hit the ice beast.
The ice beast is moderately wounded.
The ice beast completely misses you.
You hit the ice beast.
The ice beast is heavily wounded.
The ice beast hits you. The ice beast freezes you!
It was a potion of might.
You feel very mighty all of a sudden. The ice beast hits you.
The ice beast freezes you!
* * * LOW HITPOINT WARNING * * *
It was a potion of brilliance.
You feel clever all of a sudden.
The ice beast hits you but does no damage.
Your magical contamination has completely faded away.
It was a potion of curing.
You feel better. The ice beast hits you. The ice beast freezes you!
* * * LOW HITPOINT WARNING * * *
It was a potion of degeneration.
There was something very wrong with that liquid.
You feel weakened.
You feel dopey.
You feel clumsy. The ice beast misses you.
It was a potion of attraction.
You feel attractive to monsters.
Your transformation has ended.
Your +1 short sword unmelds from your body.
Your +0 hat unmelds from your body.
Your +0 pair of boots unmelds from your body.
The ice beast hits you.
* * * LOW HITPOINT WARNING * * *
The ice beast freezes you. You resist.
You die...

_.## #.## ...###.#
##...#.##
#.......########
#.####.........###
#.####.#.........#
#.#....########(.#
#.#.#............#
#...#.##########@#
......# ######Y#
.###### #....@h# ...#
#...@...$..... ...#
#.............. ...#
#.............. ...#
#$............. ...#
#..............
...######......$.......


You could see Edmund, an ice beast (poisoned) and a hound.

Vanquished Creatures
  2 necrophages
  An ogre (D:4)
  A bullfrog (D:3)
  A scorpion (D:5)
  A water moccasin zombie (D:5)
  A bullfrog skeleton (D:5)
  2 jellies (D:4)
  A centaur skeleton (D:5)
  2 iguanas (D:4)
  Ijyb (D:5)
  4 orc wizards (D:5)
  2 hound skeletons
  7 adders
  An ufetubus (D:5)
  3 dart slugs
  9 orcs
  3 bats
  3 endoplasms
  2 giant cockroaches
  11 goblins
  9 hobgoblins
  5 quokkas
  8 ball pythons
  2 frilled lizards
  8 kobolds
  4 rats
94 creatures vanquished.

Notes
Turn   | Place    | Note
-------+----------+-------------------------------------------
     0 | D:1      | barney the Draconian Transmuter began the quest for the
                  | Orb.
     0 | D:1      | Reached XP level 1. HP: 16/16 MP: 3/3
   242 | D:1      | Reached XP level 2. HP: 23/23 MP: 5/5
   636 | D:1      | Found a faded altar of an unknown god.
   660 | D:1      | Reached skill level 3 in Transmutations
   664 | D:1      | Found Poramecy's Jewellery Shoppe.
   942 | D:2      | Reached XP level 3. HP: 18/28 MP: 6/6
   946 | D:2      | Learned a level 3 spell: Spider Form
  1887 | D:3      | Found a runed translucent gate.
  1887 | D:3      | Found a runed translucent gate.
  1887 | D:3      | Found a runed translucent gate.
  1924 | D:3      | Noticed BuzzyBeetle's ghost (amateur DgIE)
  1969 | D:3      | Reached XP level 4. HP: 30/35 MP: 3/7
  2094 | D:3      | Reached skill level 4 in Transmutations
  2977 | D:3      | Noticed a bullfrog
  2993 | D:3      | Killed a bullfrog
  2994 | D:3      | Reached XP level 5. HP: 34/40 MP: 8/8
  3232 | D:4      | Noticed a necrophage
  3315 | D:4      | Found a staircase to the Ecumenical Temple.
  3337 | D:4      | Reached skill level 5 in Transmutations
  3343 | Temple   | Entered the Ecumenical Temple
  3411 | Temple   | Became a worshipper of Cheibriados the Contemplative
  3454 | D:4      | Noticed an ogre
  3626 | D:4      | Killed a necrophage
  3627 | D:4      | Reached XP level 6. HP: 47/47 MP: 9/9
  3645 | D:4      | Reached skill level 6 in Transmutations
  3693 | D:4      | Reached skill level 5 in Unarmed Combat
  3911 | D:4      | Reached * piety under Cheibriados
  4060 | D:5      | Entered Level 5 of the Dungeon
  4073 | D:5      | Noticed Ijyb
  4087 | D:5      | Killed Ijyb
  4142 | D:5      | Your scales start taking on an icy white colour.
  4142 | D:5      | Reached XP level 7. HP: 19/52 MP: 8/10
  4142 | D:5      | Gained mutation: Your flesh is cold resistant. (rC+) [White
                  | Draconian growth]
  4831 | D:5      | Found a broken altar of Ashenzari.
  4879 | D:5      | Learned a level 4 spell: Ice Form
  4885 | D:5      | Reached skill level 7 in Transmutations
  5161 | D:5      | Learned a level 2 spell: Call Imp
  5448 | D:5      | Reached skill level 1 in Ice Magic
  5448 | D:5      | Reached skill level 1 in Invocations
  5482 | D:5      | Noticed Edmund
  5500 | D:5      | Slain by an ice beast

Illustrated notes

Levels and vault maps discovered:
D:1:      evilmike_arrival_crescent, layout_basic, basic_ecumenical_altar,
          serial_shops, shop
D:2:      layout_loops_cross
D:3:      layout_basic, gammafunk_ghost_split
D:4:      layout_cave_pools, minmay_temple_entry_mist, gup_sewer_entry_bowl
D:5:      layout_rooms, overflow_temple_1_default, uniq_edmund, uniq_ijyb
Temple:   compressed_dpeg_circular_temple

Skill      XL: |  1  2  3  4  5  6  7 |
---------------+----------------------+-----
Transmutations | 3 4 5 6 7 |  7.3
Unarmed Combat | 4 5 |  5.7
Ice Magic      | 1 |  1.0
Invocations    | 1 |  1.0
Fighting       | |  1.1
Dodging        | |  1.7
Spellcasting   | |  2.0
Summonings     | |  0.7
Evocations     | |  0.7

Action                   |  1- 3 |  4- 6 |  7- 9 || total
-------------------------+-------+-------+-------++-------
Melee: Unarmed           |    26 |    82 |    52 ||   160
       Kick              |    14 |    10 |     1 ||    25
       Tailslap          |    14 |    12 |       ||    26
       Short sword       |    66 |    75 |     4 ||   145
       Headbutt          |     6 |     5 |       ||    11
       Punch             |       |     1 |       ||     1
 Cast: Beastly Appendage |    15 |    12 |     1 ||    28
       Spider Form       |     1 |    13 |     5 ||    19
       Ice Form          |       |       |     1 ||     1
 Abil: Breathe Frost     |       |       |     3 ||     3
  Use: Scroll            |       |     4 |       ||     4
       Potion            |       |       |     5 ||     5
 Stab: Sleeping          |     1 |     1 |     1 ||     3
Armor: Skin              |    22 |    26 |    11 ||    59
Dodge: Dodged            |    67 |   150 |    42 ||   259
